 Dungeon Crawl Stone Soup version 0.19-a0-1091-g463c9de (webtiles) character file.

197 Gorice the Cudgeler (level 5, 0/63 HPs)
             Began as a Demonspawn Monk on Aug 7, 2016.
             Succumbed to a goblin's poison
             ... on level 4 of the Dungeon.
             The game lasted 00:12:24 (3004 turns).

Gorice the Cudgeler (Demonspawn Monk)               Turns: 3004, Time: 00:12:25

Health: 0/63       AC: 22    Str: 13    XL:     5   Next: 46%
Magic:  5/5        EV:  2    Int: 11    God:
Gold:   116        SH:  0    Dex: 15    Spells: 0 memorised, 4 levels left

rFire  . . .     SeeInvis .     a - +2 whip (venom)
rCold  . . .     Gourm    .     (armour currently unavailable)
rNeg   + + +     Faith    .     (no shield)
rPois  +         Spirit   .     (helmet currently unavailable)
rElec  .         Dismiss  .     (cloak currently unavailable)
rCorr  .         Reflect  .     (gloves currently unavailable)
SustAt .         Harm     .     (boots currently unavailable)
MR     .....     NoTele   +     i - amulet of rage
Stlth  ++........               (no ring)
                                (no ring)

@: lethally poisoned (0 -> -9), tree-form, very slightly contaminated, invisible
A: (hooves 0), rugged brown scales 1, rot immunity
a: Evoke Berserk Rage


You were on level 4 of the Dungeon.
You were hungry.
You were a tree.
You visited 1 branch of the dungeon, and saw 4 of its levels.

You collected 116 gold pieces.

Inventory:

Hand Weapons
 a - a +2 whip of venom (weapon)
   (You found it on level 1 of the Dungeon)
 j - a +0 mace
 m - a +3 whip
Missiles
 d - 31 bolts
 e - 5 needles of confusion
 o - 10 poisoned needles
 p - 2 needles of paralysis
 Z - 100 stones (quivered)
Armour
 b - a +1 robe (melded)
 w - a +0 cloak (melded)
Jewellery
 f - an uncursed ring of magical power
 i - an amulet of rage (around neck)
Wands
 x - a wand of digging (0/24)
Scrolls
 k - 2 scrolls of identify
 n - a scroll of remove curse
 q - a scroll of enchant armour
 u - a scroll of recharging {unknown}
Potions
 l - a potion of lignification {!q}
 s - a potion of flight
 v - a potion of cure mutation {!q}
Comestibles
 c - 4 bread rations {!e}
 g - 5 beef jerkies
 h - 4 meat rations {!e}
 r - 4 fruits
 t - a slice of pizza


   Skills:
 - Level 3.0 Fighting
 + Level 5.7 Maces & Flails
 - Level 2.6 Dodging
 - Level 1.7 Stealth


You had 4 spell levels left.
You didn't know any spells.

Dungeon Overview and Level Annotations

Branches:
Dungeon (4/15)
 Temple: D:4-7

Altars:
Uskayaw

Annotations:
D:3 exclusion: door, Grinder, Terence
D:4 Robin


Innate Abilities, Weirdness & Mutations

((You have large cloven feet.))
(You are partially covered in rugged brown scales. (AC +1, +3% HP))
You are immune to rotting.


Message History

Unknown command.
Really quaff
l - 2 potions of lignification {!q}?
You turn into a tree.
Your +0 cloak melds into your body.
Your +1 robe melds into your body.
Your roots penetrate the ground.
* * * LOW HITPOINT WARNING * * *
You feel sick.
The goblin hits you but does no damage. x2
Robin throws the goblin at you!
Unknown command.
Unknown command.
Unknown command.
Unknown command.
Really quaff
z - a potion of invisibility {!q}?
You fade into invisibility!
* * * LOW HITPOINT WARNING * * *
You feel sick. The goblin barely misses you.
The goblin hits you but does no damage. x2
Robin roars a battlecry!
The goblin goes into a battle-frenzy!
Robin hits you but does no damage.
You are very lightly contaminated with residual magic.
Damage: 2 (max 12) Unknown command.
Unknown command.
You closely miss the goblin.
The goblin is moderately wounded.
* * * LOW HITPOINT WARNING * * *
You feel sick. The goblin hits you but does no damage.
The goblin barely misses you.
The adder skeleton bites you but does no damage.
The goblin hits you but does no damage.
Damage: 1 (max 12)
You are too injured to fight recklessly!
Unknown command.
You are too injured to fight recklessly!
Unknown command.
You are too injured to fight recklessly!
Unknown command.
You are too injured to fight recklessly!
Unknown command.
You closely miss the goblin.
* * * LOW HITPOINT WARNING * * *
You feel sick. Robin hits you with a club.
* * * LOW HITPOINT WARNING * * *
The goblin hits you but does no damage. x2
The adder skeleton bites you but does no damage.
The goblin hits you but does no damage.
Damage: 5 (max 12)
You hit the goblin.
You kill the goblin!
You die...

...................†........#
.............................
+##............#..##..##...##
#...#..........#......# ....#
#...#...######.).............
'...######....##..##..+....#.
#...# #.....g..######...#
#...# #.....g)g# .. #...#
#....##♣g# ....# #....##Z##
....# #......... ....#
########..# ....# #..# ....#
#+## ....# ....# ....#


You could see Robin, a hobgoblin, 2 goblins and an adder skeleton.

Vanquished Creatures
  Natasha (thrice) (D:3)
  6 adders
  An ooze (D:1)
  A worm (D:3)
  A dart slug (D:1)
  3 giant geckos (D:1)
  5 giant cockroaches
  14 goblins
  5 hobgoblins
  A quokka (D:3)
  A ball python (D:3)
  9 bats
  3 giant newts
  2 kobolds
  3 rats
58 creatures vanquished.

Notes
Turn   | Place    | Note
-------+----------+-------------------------------------------
     0 | D:1      | Gorice the Demonspawn Monk began the quest for the Orb.
     0 | D:1      | Reached XP level 1. HP: 18/18 MP: 1/1
   145 | D:1      | Reached skill level 3 in Maces & Flails
   145 | D:1      | Gained mutation: You are partially covered in rugged brown scales. (AC +1, +3% HP) [demonic ancestry]
   145 | D:1      | Reached XP level 2. HP: 18/24 MP: 2/2
   805 | D:1      | Gained mutation: You have large cloven feet. [demonic ancestry]
   805 | D:1      | Reached XP level 3. HP: 14/29 MP: 3/3
  1100 | D:2      | Reached skill level 4 in Maces & Flails
  1244 | D:2      | Gained mutation: You are immune to rotting. [demonic ancestry]
  1244 | D:2      | Reached XP level 4. HP: 29/36 MP: 4/4
  1518 | D:2      | Found a hide-covered altar of Uskayaw.
  1693 | D:3      | Noticed Terence
  1790 | D:3      | Noticed Natasha
  1809 | D:3      | Killed Natasha
  2022 | D:3      | Reached skill level 5 in Maces & Flails
  2087 | D:3      | Noticed Natasha
  2100 | D:3      | Killed Natasha
  2100 | D:3      | Reached XP level 5. HP: 25/42 MP: 5/5
  2335 | D:3      | Noticed Natasha
  2354 | D:3      | Killed Natasha
  2594 | D:3      | Noticed Grinder
  2968 | D:4      | Noticed Robin
  2996 | D:4      | HP: 12/42 [poisoned by a goblin]
  3001 | D:4      | HP: 7/63 [poisoned by a goblin]
  3003 | D:4      | HP: 1/63 [Robin/club (4)]
  3004 | D:4      | Succumbed to a goblin's poison

Vault maps used:
D:1:      ncdulo_wetmaze
D:2:      eat_drink_and_be_merry_uskayaw
D:3:      minmay_overflow_temple_star_quad, first_bread, minmay_misc_feat_chi,
          corner_web_ring, uniq_grinder, uniq_natasha, uniq_terence
D:4:      tso_metal_star, serial_bayou_pond_a, minmay_liquid_box,
          lightli_corner_chamber, uniq_robin

Skill      XL: |  1  2  3  4 |
---------------+-------------+-----
Maces & Flails | 3 4 5 |  5.7
Fighting       | |  3.0
Dodging        | |  2.6
Stealth        | |  1.7

Action                   |  1- 3 |  4- 6 || total
-------------------------+-------+-------++-------
Melee: Mace              |    19 |       ||    19
       Whip              |    63 |    91 ||   154
       Kick              |     9 |    20 ||    29
Throw: Stone             |     3 |     7 ||    10
  Use: Scroll            |     3 |     8 ||    11
       Potion            |       |     2 ||     2
 Stab: Sleeping          |     3 |     2 ||     5
  Eat: Chunk             |     1 |     5 ||     6
Armor: Robe              |    10 |    26 ||    36
       Skin              |       |     9 ||     9
Dodge: Dodged            |    56 |    70 ||   126

Table legend:
 A = Turns spent in this place as a percentage of turns spent in the entire game.
 B = Non-inter-level travel turns spent in this place as a percentage of non-inter-level travel turns spent in the entire game.
 C = Inter-level travel turns spent in this place as a percentage of turns spent in this place.
 D = Turns resting spent in this place as a percentage of non-inter-level travel turns spent in this place.
 E = Turns spent auto-exploring this place as a percentage of non-inter-level travel turns spent in this place.
 F = Non-inter-level travel turns spent in this place divided by the number of levels of this place that you've seen.
                   A       B       C       D       E      F
               +-------+-------+-------+-------+-------+----------------------
         Total | 100.0 | 100.0 |   0.4 |   1.6 |   7.8 | 223.2
       Dungeon | 100.0 | 100.0 |   0.4 |   1.6 |   7.8 | 223.2
               +-------+-------+-------+-------+-------+----------------------

Vault maps used:
D:1:      ncdulo_wetmaze
D:2:      eat_drink_and_be_merry_uskayaw
D:3:      minmay_overflow_temple_star_quad, first_bread, minmay_misc_feat_chi,
          corner_web_ring, uniq_grinder, uniq_natasha, uniq_terence
D:4:      tso_metal_star, serial_bayou_pond_a, minmay_liquid_box,
          lightli_corner_chamber, uniq_robin
